 Dungeon Crawl Stone Soup version 0.30.0-15-g856e2d3f33 (webtiles) character file.

Game seed: 3625728441407395826

2741 qw the Cleaver (level 9, -6/57 HPs)
             Began as a Gargoyle Fighter on May 18, 2023.
             Mangled by a fire elemental (7 damage)
             ... summoned by a deep elf pyromancer
             ... on level 7 of the Dungeon.
             The game lasted 00:02:53 (5717 turns).

qw the Cleaver (Gargoyle Fighter)                   Turns: 5717, Time: 00:02:54

Health: -6/57      AC: 21    Str: 25    XL:     9   Next: 68%
Magic:  0/9        EV: 12    Int:  8    God:
Gold:   265        SH:  4    Dex:  9    Spells: 8/8 levels left

rFire   . . .        q - +4 broad axe (vamp)
rCold   . . .        c - +0 buckler
rNeg    + + .        f - +0 plate armour
rPois   inf          m - +0 helmet
rElec   +            (no cloak)
rCorr   .            a - +0 pair of gloves
SInv    .            (no boots)
Will    .....        s - amulet of guardian spirit Stlth
                     l - ring of positive energy
HPRegen 0.29/turn    o - +5 ring of evasion
MPRegen 0.11/turn

%: guardian spirit
@: about to teleport
A: sickness immunity, AC +6, negative energy resistance 1, electricity
resistance, torment resistance 1, petrification resistance, MP-powered wands,
noise suppression
a: no special abilities


You were on level 7 of the Dungeon.
You visited 2 branches of the dungeon, and saw 8 of its levels.

You collected 265 gold pieces.


Innate Abilities, Weirdness & Mutations

You are immune to sickness and miasma.
Your stone body is resilient. (AC +6)
You are immune to poison.
You resist negative energy. (rN+)
You are resistant to electric shocks. (rElec)
You are resistant to unholy torment.
You are immune to petrification.
You expend magic power (3 MP) to strengthen your wands.
You passively dampen the noise of your surroundings.


   Skills:
 - Level 7.2 Fighting
 + Level 9.5 Axes
 - Level 6.0 Armour
 - Level 1.1 Dodging
 - Level 4.1 Shields


You had 8 spell levels left.
You didn't know any spells.
Your spell library was empty.

Inventory:

Hand Weapons
 q - a +4 vampiric broad axe (weapon)
 t - a +0 flail of protection
Armour
 a - a +0 pair of gloves (worn)
 c - a +0 buckler (worn)
 f - a +0 plate armour (worn)
 m - a +0 helmet (worn)
Jewellery
 e - a ring of wizardry
 l - a ring of positive energy (left hand)
 o - a +5 ring of evasion (right hand)
 s - an amulet of guardian spirit (around neck)
Scrolls
 g - 2 scrolls of identify
 n - a scroll of brand weapon
 p - a scroll of teleportation
 r - a scroll of silence {unknown}
Potions
 b - a potion of haste
 d - 4 potions of might
 h - a potion of attraction
 i - 3 potions of curing
 j - a potion of cancellation
 k - a potion of mutation
 u - a potion of invisibility {unknown}
 v - a potion of flight {unknown}

Dungeon Overview and Level Annotations

Branches:
Dungeon (7/15)             Temple (1/1) D:5

Altars:
Ashenzari
Cheibriados
Dithmenos
Elyvilon
Fedhas
Gozag
Hepliaklqana
Kikubaaqudgha
Makhleb
Nemelex Xobeh
Qazlal
Ru
Sif Muna
Trog
Vehumet
Wu Jian
Xom
Zin
The Shining One

Shops:
D:2 [   D:6 (

Annotations:
D:5 1 runed translucent door, qw's ghost, novice GrCA
D:6 1 runed translucent door, qw's ghost, novice GrCA


Message History

You closely miss the fire elemental.
The fire elemental is heavily damaged.
You slash the fire elemental! x2; You slash the gnoll!
The fire elemental barely misses you. You block the fire elemental's attack.
The gnoll hits you but does no damage.
The sleepcap is engulfed in blazing flames.
The fire elemental hits you. The fire elemental burns you!
The fire elemental barely misses you.
You hit the gnoll.
You feel better.
You kill the gnoll!
You closely miss the fire elemental. x2
You hit the fire elemental but do no damage.
The fire elemental hits you. The fire elemental burns you!
The fire elemental hits you. The fire elemental burns you!
The fire elemental hits you. The fire elemental burns you!
The sleepcap is engulfed in blazing flames.
The sleepcap is destroyed!
The fire elemental barely misses you. The fire elemental hits you.
The fire elemental burns you!
You barely miss the fire elemental.
The fire elemental is severely damaged.
You barely miss the fire elemental. You closely miss the fire elemental.
The fire elemental hits you. The fire elemental burns you!
The fire elemental closely misses you. x2; The fire elemental hits you.
The fire elemental burns you!
5716 ||| READING 2 scrolls of teleportation.
As you read the scroll of teleportation, it crumbles to dust.
You feel strangely unstable. The fire elemental hits you.
The fire elemental burns you! The fire elemental hits you.
The fire elemental burns you! The fire elemental closely misses you.
The fire elemental completely misses you.
You barely miss the fire elemental.
The fire elemental is severely damaged.
You hit the fire elemental but do no damage.
You hit the fire elemental. The fire elemental misses you.
The fire elemental hits you. The fire elemental burns you!
The fire elemental hits you. The fire elemental burns you!
You die...

.#. .#.######.....
....#............... #
#.... #...#.#..#### ..
#... ............ ##.
###.#####.###..#### ....
#}...}#.....#..#...
.....#.....#..[..#......
.....eEE}......)....####
0#)@E..#....)#..#
#}...}#.....#.##
###.#####.###.# ....
.......# #.8.8.#.#######
....8.... #.#.8.8.#.
#.#.....#.. # ###.


You could see a deep elf pyromancer and 3 fire elementals.

Vanquished Creatures
  Maggie (D:6)
  Grinder (D:3)
  A wyvern (D:4)
  Eustachio (D:6)
  A water moccasin (D:6)
  Pargi (D:3)
  An ice beast (D:6)
  A black bear (D:4)
  2 orc warriors
  3 ogres
  A centaur (D:5)
  A bullfrog (D:5)
  5 scorpions
  2 jellies (D:4)
  2 gnoll boudas (D:6)
  3 hounds
  2 orc priests
  4 iguanas
  A sleepcap (D:5)
  3 orc wizards (D:5)
  Robin (D:3)
  6 adders
  10 gnolls
  A shadow imp (D:6)
  A white imp (D:5)
  A worm (D:2)
  A dart slug (D:1)
  15 orcs
  5 endoplasms
  2 giant cockroaches (D:2)
  19 goblins
  8 hobgoblins
  6 jackals
  A quokka (D:2)
  5 ball pythons
  6 bats
  A frilled lizard (D:1)
  6 kobolds
  6 rats
138 creatures vanquished.

Vanquished Creatures (others)
  A sleepcap (D:7)
1 creature vanquished.

Grand Total: 139 creatures vanquished

Notes
Turn   | Place    | Note
-------+----------+-------------------------------------------
     0 | D:1      | qw the Gargoyle Fighter began the quest for the Orb.
     0 | D:1      | Reached XP level 1. HP: 14/14 MP: 1/1
     0 | D:1      | 0 ||| qw: Version: 0.2-a-96-g08746bd
     0 | D:1      | 0 ||| qw: Game counter: 75
     0 | D:1      | 0 ||| qw: Always use a shield: true
     0 | D:1      | 0 ||| qw: God list: Okawaru
     0 | D:1      | 0 ||| qw: Allow faded altars: false
     0 | D:1      | 0 ||| qw: Do Orc after D:15 true
     0 | D:1      | 0 ||| qw: Do second Lair branch before Depths: true
     0 | D:1      | 0 ||| qw: Lair rune preference: random
     0 | D:1      | 0 ||| qw: Plans: Normal, Zot:1-4, God:TSO, Crypt, Tomb,
                  | Pan, Slime:5, Hells, Abyss, Win
     0 | D:1      | 0 ||| PLANNING D:1-11
    32 | D:1      | Reached skill level 2 in Axes
    56 | D:1      | 56 ||| Stepping ~*~*~tactically~*~*~ (stealth).
    79 | D:1      | 79 ||| Stepping ~*~*~tactically~*~*~ (stealth).
    87 | D:1      | Reached XP level 2. HP: 18/19 MP: 2/2
   112 | D:1      | 112 ||| DROPPING +0 club.
   145 | D:1      | 145 ||| Stepping ~*~*~tactically~*~*~ (hiding).
   341 | D:1      | 341 ||| Stepping ~*~*~tactically~*~*~ (hiding).
   438 | D:1      | Reached skill level 3 in Axes
   493 | D:1      | Reached XP level 3. HP: 23/23 MP: 3/3
   725 | D:1      | 725 ||| UPGRADING to +0 plate armour.
   735 | D:1      | 735 ||| DROPPING +0 scale mail.
   906 | D:2      | Found a faded altar of an unknown god.
  1026 | D:2      | Found Faumoi's Antique Armour Emporium.
  1028 | D:2      | 1028 ||| Stepping ~*~*~tactically~*~*~ (stealth).
  1058 | D:2      | 1058 ||| SHOPLISTING glowing scarf (232 gold, have 64).
  1241 | D:2      | Reached XP level 4. HP: 26/28 MP: 4/4
  1266 | D:2      | Found a blossoming altar of Fedhas.
  1596 | D:2      | 1596 ||| UPGRADING to ring of positive energy.
  1597 | D:2      | 1597 ||| READING scroll labelled XILOAQ OCZUE.
  1713 | D:3      | 1713 ||| Stepping ~*~*~tactically~*~*~ (stealth).
  1717 | D:3      | Reached skill level 4 in Axes
  1783 | D:3      | Noticed Pargi
  1800 | D:3      | HP: 5/28 [Pargi (3)]
  1802 | D:3      | Killed Pargi
  1803 | D:3      | Reached skill level 5 in Axes
  1803 | D:3      | Reached XP level 5. HP: 6/32 MP: 5/5
  1943 | D:3      | 1943 ||| Stepping ~*~*~tactically~*~*~ (stealth).
  1946 | D:3      | 1946 ||| Stepping ~*~*~tactically~*~*~ (stealth).
  1950 | D:3      | Noticed Robin
  1953 | D:3      | Killed Robin
  1959 | D:3      | 1959 ||| Stepping ~*~*~tactically~*~*~ (stealth).
  1960 | D:3      | 1960 ||| Stepping ~*~*~tactically~*~*~ (stealth).
  1976 | D:3      | 1976 ||| Stepping ~*~*~tactically~*~*~ (stealth).
  1978 | D:3      | 1978 ||| Stepping ~*~*~tactically~*~*~ (stealth).
  1979 | D:3      | 1979 ||| Stepping ~*~*~tactically~*~*~ (stealth).
  1980 | D:3      | 1980 ||| Stepping ~*~*~tactically~*~*~ (stealth).
  1984 | D:3      | 1984 ||| Stepping ~*~*~tactically~*~*~ (stealth).
  1985 | D:3      | 1985 ||| Stepping ~*~*~tactically~*~*~ (stealth).
  1995 | D:3      | 1995 ||| Stepping ~*~*~tactically~*~*~ (stealth).
  1998 | D:3      | 1998 ||| Stepping ~*~*~tactically~*~*~ (stealth).
  1999 | D:3      | 1999 ||| Stepping ~*~*~tactically~*~*~ (stealth).
  2001 | D:3      | 2001 ||| Stepping ~*~*~tactically~*~*~ (stealth).
  2056 | D:3      | Reached XP level 6. HP: 31/39 MP: 6/6
  2273 | D:3      | 2273 ||| DROPPING +0 whip.
  2374 | D:3      | 2374 ||| Stepping ~*~*~tactically~*~*~ (hiding).
  2535 | D:3      | Noticed Grinder
  2536 | D:3      | 2536 ||| Stepping ~*~*~tactically~*~*~ (hiding).
  2545 | D:3      | Paralysed by Grinder for 4 turns
  2551 | D:3      | 2551 ||| Stepping ~*~*~tactically~*~*~ (hiding).
  2556 | D:3      | 2556 ||| Stepping ~*~*~tactically~*~*~ (hiding).
  2561 | D:3      | Paralysed by Grinder for 4 turns
  2567 | D:3      | Killed Grinder
  2568 | D:3      | Reached skill level 6 in Axes
  2568 | D:3      | Reached XP level 7. HP: 30/44 MP: 7/7
  2641 | D:3      | 2641 ||| UPGRADING to +0 pair of gloves.
  2646 | D:3      | 2646 ||| UPGRADING to +0 helmet.
  2651 | D:3      | 2651 ||| READING scroll labelled HOZIZAOSEO.
  2651 | D:3      | Identified a scroll of acquirement
  2651 | D:3      | 2651 ||| ACQUIRING +4 broad axe of venom
  2651 | D:3      | Acquired a +4 broad axe of venom
  2653 | D:3      | 2653 ||| SWAPPING to +4 broad axe of venom.
  2654 | D:3      | 2654 ||| DROPPING +0 war axe.
  2655 | D:3      | 2655 ||| DRINKING 2 fuming cyan potions.
  2821 | D:4      | Noticed a wyvern
  2826 | D:4      | Killed a wyvern
  2844 | D:4      | 2844 ||| Stepping ~*~*~tactically~*~*~ (stealth).
  3359 | D:4      | 3359 ||| READING scroll labelled DERUASURAY.
  3360 | D:4      | 3360 ||| READING 2 scrolls labelled FIEGUP QAIDE.
  3364 | D:4      | 3364 ||| READING scroll labelled UNYZECKOAS.
  3365 | D:4      | 3365 ||| READING scroll labelled APUONO YLISS.
  3366 | D:4      | 3366 ||| DRINKING 4 silvery potions.
  3392 | D:5      | Entered Level 5 of the Dungeon
  3399 | D:5      | Reached skill level 7 in Axes
  3420 | D:5      | Reached XP level 8. HP: 46/48 MP: 8/8
  3426 | D:5      | 3426 ||| Stepping ~*~*~tactically~*~*~ (stealth).
  3428 | D:5      | 3428 ||| Stepping ~*~*~tactically~*~*~ (stealth).
  3456 | D:5      | Noticed qw's ghost (novice GrCA)
  3457 | D:5      | Found a runed translucent door.
  3507 | D:5      | 3507 ||| Stepping ~*~*~tactically~*~*~ (hiding).
  3522 | D:5      | 3522 ||| Stepping ~*~*~tactically~*~*~ (stealth).
  3531 | D:5      | Reached skill level 1 in Dodging
  3531 | D:5      | 3531 ||| Stepping ~*~*~tactically~*~*~ (stealth).
  3574 | D:5      | Found a staircase to the Ecumenical Temple.
  3575 | D:5      | 3575 ||| PLANNING TEMPLE
  3575 | D:5      | 3575 ||| READING scroll labelled CUHINNU ZOGIK.
  3576 | D:5      | 3576 ||| READING 2 scrolls labelled EFFIPTA TYODUI.
  3582 | D:5      | 3582 ||| Stepping ~*~*~tactically~*~*~ (hiding).
  3690 | Temple   | Entered the Ecumenical Temple
  3820 | Temple   | 3820 ||| PLANNING D:1-11
  3974 | D:5      | Found an opulent altar of Gozag.
  3975 | D:5      | Found a shimmering blue altar of Sif Muna.
  3975 | D:5      | Found a glowing silver altar of Zin.
  4184 | D:5      | Reached skill level 8 in Axes
  4412 | D:5      | 4412 ||| Stepping ~*~*~tactically~*~*~ (stealth).
  4419 | D:5      | 4419 ||| Stepping ~*~*~tactically~*~*~ (hiding).
  4425 | D:5      | 4425 ||| DRINKING 3 potions of curing.
  4425 | D:5      | 4425 ||| (to cure confusion)
  4453 | D:5      | 4453 ||| Stepping ~*~*~tactically~*~*~ (hiding).
  4694 | D:5      | Reached skill level 6 in Fighting
  4781 | D:5      | 4781 ||| READING scroll labelled CEJAHA XEOSS.
  4782 | D:5      | 4782 ||| DRINKING 2 white potions.
  4844 | D:6      | Noticed Eustachio
  4845 | D:6      | 4845 ||| Stepping ~*~*~tactically~*~*~ (stealth).
  4905 | D:6      | Killed Eustachio
  4906 | D:6      | Reached XP level 9. HP: 53/55 MP: 9/9
  4918 | D:6      | 4918 ||| Stepping ~*~*~tactically~*~*~ (stealth).
  4919 | D:6      | 4919 ||| Stepping ~*~*~tactically~*~*~ (stealth).
  4927 | D:6      | Reached skill level 9 in Axes
  4965 | D:6      | 4965 ||| DROPPING +0 flail.
  4979 | D:6      | Noticed Maggie
  5004 | D:6      | HP: 13/55 [Maggie/+1 long sword of flaming (2)]
  5005 | D:6      | 5005 ||| READING 3 scrolls of teleportation.
  5155 | D:6      | Reached skill level 6 in Armour
  5209 | D:6      | Identified the +0 scale mail "Toham" {rElec Regen+ Int+3}
  5235 | D:6      | Killed Maggie
  5330 | D:6      | Found Labloish's Antique Weapon Shop.
  5355 | D:6      | Found a runed translucent door.
  5355 | D:6      | Noticed qw's ghost (novice GrCA)
  5540 | D:6      | 5540 ||| UPGRADING to amulet of guardian spirit.
  5545 | D:6      | 5545 ||| UPGRADING to +5 ring of evasion.
  5546 | D:6      | 5546 ||| READING scroll labelled ABRAEC ONWEGE.
  5547 | D:6      | 5547 ||| DRINKING 2 sedimented yellow potions.
  5547 | D:6      | Gained mutation: You passively dampen the noise of your
                  | surroundings. [potion of mutation]
  5547 | D:6      | Gained mutation: You expend magic power (3 MP) to
                  | strengthen your wands. [potion of mutation]
  5548 | D:6      | 5548 ||| READING 3 scrolls of identify.
  5548 | D:6      | 5548 ||| IDENTIFYING emerald potion
  5549 | D:6      | 5549 ||| READING 2 scrolls of identify.
  5549 | D:6      | 5549 ||| IDENTIFYING metallic emerald potion
  5550 | D:6      | 5550 ||| DROPPING potion of brilliance.
  5708 | D:7      | Noticed a deep elf pyromancer
  5715 | D:7      | HP: 14/57 [fire elemental[a deep elf pyromancer] (5)]
  5716 | D:7      | 5716 ||| READING 2 scrolls of teleportation.
  5716 | D:7      | HP: 3/57 [fire elemental[a deep elf pyromancer] (6)]
  5717 | D:7      | HP: 1/57 [fire elemental[a deep elf pyromancer] (2)]
  5717 | D:7      | Mangled by a fire elemental

Levels and vault maps discovered:
D:1:      shiori_arrival_oz, layout_loops_cross
D:2:      layout_basic, hellmonk_ecumenical_altar_crossroads, serial_shops,
          nicolae_shop_statue_plus, basic_altar
D:3:      layout_basic, uniq_grinder, uniq_pargi, uniq_robin
D:4:      layout_basic
D:5:      layout_loops_corners, grunt_temple_overflow_open,
          minmay_temple_entry_proselytizer, serial_aquarium,
          aquarium_bridge_long_joined [aquarium_subvault_balcony,
          aquarium_subvault_window, aquarium_subvault_wall,
          aquarium_subvault_wall, aquarium_subvault_bridge,
          aquarium_subvault_bridge], aquarium_bridge_straight
          [aquarium_subvault_bridge, aquarium_subvault_balcony,
          aquarium_subvault_bridge, aquarium_subvault_window],
          aquarium_window_corridor_1, aquarium_window_fake, aquarium_view_4,
          aquarium_pool_four, hellmonk_ghost_happy_afterlife
D:6:      layout_basic, ebering_ghost_sewer_d, serial_shops, shop,
          uniq_eustachio, uniq_maggie
D:7:      layout_basic, minmay_overflow_temple_star_quad, grunt_decor_fettered,
          minmay_crystal_room, minmay_chambers_of_fives, uniq_menkaure,
          uniq_joseph
Temple:   nicolae_temple_elliptical

Skill      XL: |  1  2  3  4  5  6  7  8  9 |
---------------+----------------------------+-----
Axes           | 2 3 5 6 7 8 9 |  9.5
Fighting       | 4 6 7 |  7.2
Armour         | 4 5 6 |  6.0
Dodging        | 1 |  1.1
Shields        | 4 |  4.1

Action                     |  1- 3 |  4- 6 |  7- 9 || total
---------------------------+-------+-------+-------++-------
  Melee: War axe           |   126 |    95 |       ||   221
         Broad axe         |       |       |   184 ||   184
    Use: Scroll            |       |     1 |    13 ||    14
         Potion            |       |       |     5 ||     5
 Armour: Scale mail        |    40 |       |       ||    40
         Plate armour      |    48 |    79 |   160 ||   287
  Dodge: Dodged            |    40 |    21 |    89 ||   150
  Block: Buckler           |    20 |    19 |    44 ||    83

Table legend:
 A = Non-vault XP
 B = Vault XP
 C = Vault XP percentage of total XP
 D = Non-vault monster count
 E = Vault monster count
 F = Vault count percentage of total count
                 A         B        C        D         E       F
            +---------+---------+-------+---------+---------+-------
      Total |    2789 |    1127 |  28.8 |     118 |      20 |  14.5
            +---------+---------+-------+---------+---------+-------
        D:1 |      46 |       3 |   6.1 |      27 |       2 |   6.9
        D:2 |      45 |       0 |   0.0 |      18 |       0 |   0.0
        D:3 |     121 |     446 |  78.7 |      13 |      13 |  50.0
        D:4 |     482 |       0 |   0.0 |       8 |       0 |   0.0
        D:5 |     945 |      41 |   4.2 |      27 |       1 |   3.6
        D:6 |     959 |     581 |  37.7 |      21 |       2 |   8.7
        D:7 |     191 |      56 |  22.7 |       4 |       2 |  33.3
            +---------+---------+-------+---------+---------+-------
